 Dungeon Crawl Stone Soup version 0.26-a0-507-g0ae5976 (webtiles) character file.

Game seed: 5647465133660889613

1467 topirishpotato the Covert (level 8, -1/48 HPs)
             Began as an Octopode Transmuter on Aug 10, 2020.
             Was an Initiate of Gozag.
             Slain by a sky beast (6 damage)
             ... on level 6 of the Dungeon.
             The game lasted 00:07:20 (5963 turns).

topirishpotato the Covert (Octopode Transmuter)     Turns: 5963, Time: 00:07:23

Health: -1/48      AC:  5    Str:  9    XL:     8   Next: 77%
Magic:  3/3        EV: 14    Int: 22    God:    Gozag
Gold:   302        SH:  0    Dex: 17    Spells: 7/11 levels left

rFire    . . .     SeeInvis .   s - +4 rapier "Beulyitu" {antimagic, Dex+3}
rCold    . . .     Faith    .   (no shield)
rNeg     + . .     Spirit   .   (helmet restricted)
rPois    +         Reflect  .   (no amulet)
rElec    .         Harm     .   j - +6 ring of intelligence
rCorr    .                      l - ring of positive energy
MR       +....                  g - ring of poison resistance
Stlth    +++++++...             b - +4 ring of protection
HPRegen  0.16/turn              m - ring of protection from magic
MPRegen  0.08/turn              (no ring)
                                (no ring)
                                (no ring)

@: stab
A: almost no armour, stealthy swim, amphibious, 8 rings, constrict 8, camouflage
1, gelatinous body 1
a: Potion Petition, Call Merchant, Bribe Branch, Renounce Religion


You were on level 6 of the Dungeon.
You worshipped Gozag.
Gozag was aware of your devotion.
You visited 1 branch of the dungeon, and saw 6 of its levels.

You collected 479 gold pieces.
You spent 105 gold pieces at shops.
You paid 72 gold pieces to Gozag.

Inventory:

Hand Weapons
 f - the +1 long sword of Disintegration {vorpal, rF- Str+2 SInv}
   (You found it on level 4 of the Dungeon)

   It inflicts extra damage upon your enemies.
   It affects your strength (+2).
   It makes you vulnerable to fire.
   It lets you see invisible.
 s - the +4 rapier "Beulyitu" (weapon) {antimagic, Dex+3}
   (You found it on level 5 of the Dungeon)

   It reduces the magical energy of the wielder, and disrupts the spells and
   magical abilities of those hit.
   Natural abilities and divine invocations are not affected.
   It affects your dexterity (+3).
Jewellery
 b - a +4 ring of protection (on tentacle)
 g - a ring of poison resistance (on tentacle)
 j - a +6 ring of intelligence (left tentacle)
 l - a ring of positive energy (right tentacle)
 m - a ring of protection from magic (on tentacle)
Wands
 e - a wand of flame (19)
 i - a wand of digging (4)
 r - a wand of polymorph (10)
Scrolls
 k - 4 scrolls of teleportation {unknown}
 p - 2 scrolls of remove curse
 t - a scroll of blinking {unknown}
Potions
 a - 2 potions of curing
 c - a potion of magic
 d - a potion of berserk rage {unknown}
 h - 2 potions of resistance
 n - 5 potions of brilliance
 o - 2 potions of stabbing
 q - 2 potions of degeneration {unknown}


   Skills:
 - Level 1.0 Fighting
 - Level 2.0 Dodging
 + Level 14.2 Stealth
 - Level 3.0 Unarmed Combat
 - Level 2.0 Spellcasting
 - Level 2.0 Transmutations


You had 7 spell levels left.
You knew the following spells:

 Your Spells              Type           Power        Failure   Level
a - Beastly Appendage     Tmut           ##....       6%          1
b - Spider Form           Tmut/Pois      #.........   26%         3

Your spell library contained the following spells:

 Spells                   Type           Power        Failure   Level
 Wereblood                Tmut           ##......     9%          2
 Ice Form                 Ice/Tmut       #.......     65%         4
 Blade Hands              Tmut           ##........   86%         5


Dungeon Overview and Level Annotations

Branches:
Dungeon (6/15)
 Temple: D:4-7

Altars:
Cheibriados
Gozag
Kikubaaqudgha
Nemelex Xobeh
Wu Jian

Shops:
D:4 ?   D:5 *


Innate Abilities, Weirdness & Mutations

You cannot wear most types of armour.
You are very stealthy in the water. (Stealth+)
You are amphibious.
You can wear up to eight rings at the same time.
You can use your tentacles to constrict eight enemies at once.
Your skin changes colour to match your surroundings (Stealth+).
Your rubbery body absorbs attacks. (AC +1, EV +1)


Message History

You puncture something! You squeeze something!
Something hits you but does no damage.
It was a potion of stabbing.
You feel ready to backstab. Something barely misses you.
A sky beast appears from thin air!
Reactivating autopickup.
You hit the sky beast.
The sky beast is severely wounded.
The sky beast barely misses you.
You hit the sky beast.
The sky beast is almost dead.
The sky beast barely misses you.
You hit the sky beast. Your squeeze misses the sky beast.
The sky beast is almost dead.
The sky beast misses you. The sky beast hits you.
* * * LOW HITPOINT WARNING * * *
The sky beast shocks you.
You die...
Your body crumbles into a pile of gold.

.#####<....####....#...##...#....
.....#.............#...###'##....
.....'.............#...##...#....
.##..#.............#........'....
.##..##'###........#...#....#....
.#........#........#.###.####....
.#........#........+.# #+# #...)
.#........#.....Y..### #....
.###'####+#.....@..## #....
.##..####.######'#..# #....
.#...............#..# #....
.#...............'..# #....
####...###..##.###..# #....
.####'####'###.#....## #....
.............(.#.....########[>..
...............#......'.....'....
...............#......#.....#....


You could see a sky beast.

Vanquished Creatures
  Sigmund (D:2)
  A sky beast (D:6)
  A necrophage (D:6)
  3 ogres
  A centaur (D:6)
  3 bullfrogs (D:6)
  A howler monkey (D:5)
  2 bullfrog zombies
  2 hounds (D:5)
  4 orc wizards
  A bullfrog skeleton (D:6)
  5 worker ants
  2 hound skeletons (D:6)
  5 adders
  A howler monkey skeleton (D:6)
  An ufetubus (D:6)
  An ooze (D:4)
  4 worms
  3 dart slugs
  A leopard gecko (D:3)
  12 orcs
  13 bats
  8 giant cockroaches
  5 goblins
  2 hobgoblins
  8 jackals
  4 quokkas
  8 frilled lizards
  3 kobolds
  2 leopard gecko skeletons
  6 rats
114 creatures vanquished.

Notes
Turn   | Place    | Note
-------+----------+-------------------------------------------
     0 | D:1      | topirishpotato the Octopode Transmuter began the quest for
                  | the Orb.
     0 | D:1      | Reached XP level 1. HP: 13/13 MP: 3/3
   244 | D:1      | Reached skill level 1 in Stealth
   283 | D:1      | Reached skill level 2 in Stealth
   314 | D:1      | Reached XP level 2. HP: 18/18 MP: 5/5
   372 | D:1      | Reached skill level 3 in Stealth
  1089 | D:1      | Reached XP level 3. HP: 20/23 MP: 6/6
  1400 | D:2      | Noticed Sigmund
  1429 | D:2      | Reached skill level 5 in Stealth
  1432 | D:2      | Reached XP level 4. HP: 26/28 MP: 7/7
  1556 | D:2      | HP: 1/28 [worm (11)]
  1967 | D:2      | Reached skill level 6 in Stealth
  2183 | D:2      | Killed Sigmund
  2183 | D:2      | Reached skill level 8 in Stealth
  2183 | D:2      | Reached XP level 5. HP: 21/33 MP: 8/8
  2183 | D:2      | Reached XP level 6. HP: 24/38 MP: 9/9
  2511 | D:2      | Found an ancient bone altar of Kikubaaqudgha.
  2978 | D:3      | Learned a level 3 spell: Spider Form
  3728 | D:4      | Reached skill level 9 in Stealth
  3816 | D:4      | Found a snail-covered altar of Cheibriados.
  3820 | D:4      | Got an ancient long sword
  3821 | D:4      | Identified the cursed +1 long sword of Disintegration
                  | {vorpal, rF- Str+2 SInv} (You found it on level 4 of the
                  | Dungeon)
  4119 | D:4      | Found Leyklyonn's Magic Scroll Emporium.
  4140 | D:4      | Bought a scroll of enchant weapon for 105 gold pieces
  4203 | D:4      | Found an ornate altar of the Wu Jian Council.
  4297 | D:5      | Entered Level 5 of the Dungeon
  4355 | D:5      | Reached skill level 10 in Stealth
  4355 | D:5      | Reached XP level 7. HP: 43/43 MP: 10/10
  4462 | D:5      | Got a faintly glowing rapier
  4463 | D:5      | Identified the +4 rapier "Beulyitu" {antimagic, Dex+3} (You
                  | found it on level 5 of the Dungeon)
  4766 | D:5      | Found a sparkling altar of Nemelex Xobeh.
  4783 | D:5      | Reached skill level 11 in Stealth
  4857 | D:5      | Found an opulent altar of Gozag.
  4860 | D:5      | Found Gozag's Platinum Reserve.
  4871 | D:5      | Became a worshipper of Gozag Ym Sagoz the Greedy
  4924 | D:6      | HP: 1/43 [something (6)]
  5385 | D:6      | Reached skill level 12 in Stealth
  5385 | D:6      | Reached XP level 8. HP: 48/48 MP: 3/11
  5494 | D:6      | Reached skill level 13 in Stealth
  5836 | D:6      | Reached skill level 14 in Stealth
  5963 | D:6      | Slain by a sky beast

Illustrated notes

Levels and vault maps discovered:
D:1:      sevenhm_arrival_forest_fort_large_4, layout_basic, feat_on_display
D:2:      layout_loops_ring, kiku_gazebo_garden_becter,
          minmay_randomly_rotated_circles, uniq_sigmund
D:3:      layout_basic
D:4:      layout_cave_pools, kennysheep_mini_moat, old_standard_altar,
          serial_shops, nicolae_shop_window_shopping
D:5:      layout_rooms, nicolae_gozag_zags_fifth_avenue, kennysheep_little_box
D:6:      layout_gridville, led_sif_pool

Skill      XL: |  1  2  3  4  5  6  7  8 |
---------------+-------------------------+-----
Stealth        | 2 3 5 8 10 12 14 | 14.2
Fighting       | |  1.0
Dodging        | |  2.0
Unarmed Combat | |  3.0
Spellcasting   | |  2.0
Transmutations | |  2.0

Action                   |  1- 3 |  4- 6 |  7- 9 || total
-------------------------+-------+-------+-------++-------
Melee: Unarmed           |    27 |       |       ||    27
       Constrict         |    11 |    28 |     9 ||    48
       Dagger            |    19 |   117 |       ||   136
       Tentacles         |     8 |    18 |     8 ||    34
       Punch             |     1 |     2 |     2 ||     5
       Rapier            |       |       |    71 ||    71
  Use: Scroll            |       |     9 |       ||     9
       Potion            |       |     2 |     2 ||     4
 Stab: Sleeping          |     9 |    21 |    24 ||    54
       Distracted        |       |       |     1 ||     1
Armor: Skin              |     7 |    14 |     9 ||    30
Dodge: Dodged            |    23 |    50 |    28 ||   101

Table legend: (Time is in decaauts)
 A = Elapsed time spent in this place.
 B = Non-inter-level travel time spent in this place.
 C = Inter-level travel time spent in this place.
 D = Time resting spent in this place.
 E = Time spent auto-exploring this place.
 F = Levels seen in this place.
 G = Mean time per level.
                   A        B        C        D        E       F      G
               +--------+--------+--------+--------+--------+-----+--------+
         Total |   5969 |   5852 |    117 |   1771 |   3226 |   6 |  994.8 |
       Dungeon |   5969 |   5852 |    117 |   1771 |   3226 |   6 |  994.8 |
               +--------+--------+--------+--------+--------+-----+--------+

Top non-repeatable levels by time:
     D:2: 1591 daAuts
     D:1: 1379 daAuts
     D:6: 1085 daAuts
     D:3: 712 daAuts
     D:4: 609 daAuts
     D:5: 592 daAuts
